 Dungeon Crawl Stone Soup version 0.29.1-1-gd02db6906a (webtiles) character file.

Game seed: 17682657451487773825

7415 AlexRAT the Fighter (level 10, -5/94 HPs)
             Began as a Minotaur Berserker on Oct 12, 2022.
             Was a High Priest of Trog.
             Slain by a boulder beetle (13 damage)
             ... on level 10 of the Dungeon.
             The game lasted 00:18:50 (9959 turns).

AlexRAT the Fighter (Minotaur Berserker)            Turns: 9959, Time: 00:18:50

Health: -5/94      AC: 10    Str: 26    XL:     10   Next: 93%
Magic:  9/9        EV: 14    Int:  4    God:    Trog [*****.]
Gold:   624        SH:  5    Dex: 10    Spells: 9/9 levels left

rFire   . . .      SeeInvis .   a - +1 whip (flame)
rCold   . . .      Faith    .   (no shield)
rNeg    . . .      Spirit   .   G - +0 troll leather armour
rPois   .          Reflect  +   (helmet restricted)
rElec   .          Harm     .   P - +0 cloak
rCorr   .          Rampage  .   D - +0 pair of gloves
Will    .....                   h - +0 pair of boots
Stlth   +.........              j - amulet of reflection
HPRegen 1.05/turn               (no ring)
MPRegen 0.11/turn               (no ring)

@: no status effects
A: horns 2, retaliatory headbutt
a: Renounce Religion, Berserk, Trog's Hand, Brothers in Arms


You were on level 10 of the Dungeon.
You worshipped Trog.
Trog was extremely pleased with you.
You visited 1 branch of the dungeon, and saw 10 of its levels.
You also visited: Sewer.

You collected 624 gold pieces.

Inventory:

Hand Weapons
 a - a +1 whip of flaming (weapon)
 b - a +0 arbalest
 i - a +2 mace of protection
 y - a +0 hand axe
Missiles
 t - a throwing net (quivered)
Armour
 h - a +0 pair of boots (worn)
 k - a +0 pair of gloves
 C - a +0 animal skin
 D - a +0 pair of gloves (worn)
 G - a +0 troll leather armour (worn)
 P - a +0 cloak (worn)
Jewellery
 j - an amulet of reflection (around neck)
 F - an amulet of magic regeneration
 I - an amulet of faith
 K - a ring of protection from cold
Wands
 A - a wand of roots (7)
 E - a wand of light (5)
 H - a wand of charming (18)
 Q - a wand of polymorph (6)
Scrolls
 c - 3 scrolls of vulnerability
 m - 6 scrolls of teleportation
 n - 5 scrolls of immolation
 o - a scroll of silence
 p - 2 scrolls of butterflies
 q - 2 scrolls of poison
 r - a scroll of acquirement {unknown}
 s - a scroll of magic mapping {unknown}
 w - 3 scrolls of blinking {unknown}
 z - a scroll of brand weapon {unknown}
 B - 3 scrolls of amnesia {unknown}
 L - a scroll of noise {unknown}
 N - 2 scrolls of enchant weapon {unknown}
 O - a scroll of torment {unknown}
Potions
 d - a potion of magic {unknown}
 e - 5 potions of heal wounds
 f - 4 potions of haste {unknown}
 g - 3 potions of might {unknown}
 l - 7 potions of curing
 u - 2 potions of mutation {unknown}
 v - a potion of invisibility {unknown}
 x - 3 potions of brilliance {unknown}
 J - 4 potions of degeneration {unknown}
 M - a potion of berserk rage {unknown}


   Skills:
 + Level 10.7 Fighting
 + Level 10.7 Axes
 + Level 10.4 Armour
 + Level 9.6 Dodging


You had 9 spell levels left.
You didn't know any spells.
Your spell library was empty.

Dungeon Overview and Level Annotations

Branches:
Dungeon (10/15)            Temple (0/1) D:6            Lair (0/5) D:8
  Sewer (visited)
    Orc: D:9-12

Altars:
Cheibriados
Dithmenos
Hepliaklqana
Sif Muna
Uskayaw

Shops:
D:1 *   D:3 !

Annotations:
D:9 decrepitue's ghost, journeyman MfFi; wamuu's ghost, novice MiBe


Innate Abilities, Weirdness & Mutations

You have a pair of horns on your head.
You reflexively headbutt those who attack you in melee.


Message History

You hit the boulder beetle but do no damage.
The boulder beetle is lightly wounded.
The boulder beetle closely misses you.
You hit the boulder beetle but do no damage.
You headbutt the boulder beetle, but do no damage.
The boulder beetle is lightly wounded.
The boulder beetle leaps!
You barely miss the boulder beetle.
The boulder beetle is lightly wounded.
The boulder beetle bites you!
You hit the boulder beetle but do no damage.
The boulder beetle is lightly wounded.
You hit the boulder beetle. You burn the boulder beetle.
The boulder beetle is lightly wounded.
The boulder beetle bites you!!
You hit the boulder beetle but do no damage.
The boulder beetle is lightly wounded.
The boulder beetle bites you!!
* * * LOW HITPOINT WARNING * * *
You hit the boulder beetle. You burn the boulder beetle.
The boulder beetle is moderately wounded.
The boulder beetle bites you!!
* * * LOW HITPOINT WARNING * * *
You hit the boulder beetle but do no damage.
The boulder beetle is moderately wounded.
The boulder beetle misses you.
The boulder beetle attacks as you move away!
The boulder beetle closely misses you.
Hit: a) +1 whip (flame)
Press: ? - help, Dir - move target, f - boulder beetle
Aim: a boulder beetle (moderately wounded, about 9% to evade your +1 whip of flaming)
Okay, then.
Aiming: Fastroot
Press: ? - help, Shift-Dir - straight line The roots erupt in riotous growth!
Roots grab the boulder beetle.
The grasping roots constrict the boulder beetle.
You hear a bellow!
The boulder beetle bites you!
You die...

#..## #.##
#.# ##.# .#
##..##
...###....##
...........#
#..........#
########@..##
.......B...#
..†.!......#
..........##
########.##
... #....
..###


You could see a boulder beetle (rooted).

Vanquished Creatures
  Pikel (D:4)
  A troll (D:6)
  A hornet (D:10)
  15 yaks
  2 steam dragons
  2 vampire mosquitoes (D:6)
  3 orc warriors
  A sky beast (D:7)
  A black bear (D:6)
  An ogre (D:7)
  6 centaurs
  2 phantoms (D:6)
  7 kobold brigands
  5 bullfrogs
  A gnoll sergeant (D:9)
  5 scorpions
  7 killer bees
  3 howler monkeys (D:9)
  6 hounds
  2 gnoll boudas
  6 orc priests
  5 iguanas
  9 orc wizards
  A mummy (D:8)
  8 adders
  15 gnolls
  A shadow imp (D:4)
  2 white imps
  2 ufetubi
  A worm (D:6)
  A dart slug (D:3)
  31 orcs
  17 ball pythons
  5 bats
  16 endoplasms
  2 giant cockroaches
  6 hobgoblins
  4 jackals (D:1)
  16 kobolds
  4 quokkas
  2 frilled lizards (D:3)
  6 goblins
  6 rats
238 creatures vanquished.

Vanquished Creatures (others)
  A fungus (D:8)
  A plant (D:8)
2 creatures vanquished.

Grand Total: 240 creatures vanquished

Notes
Turn   | Place    | Note
-------+----------+-------------------------------------------
     0 | D:1      | AlexRAT the Minotaur Berserker began the quest for the Orb.
     0 | D:1      | Reached XP level 1. HP: 19/19 MP: 0/0
   211 | D:1      | Reached XP level 2. HP: 27/27 MP: 1/1
   456 | D:1      | Found Gete Uza's General Store.
   806 | D:1      | Found a faded altar of an unknown god.
   948 | D:2      | Reached XP level 3. HP: 28/33 MP: 2/2
  1743 | D:3      | Reached ** piety under Trog
  2013 | D:3      | Found Tuisual's Distillery.
  2078 | D:3      | Reached XP level 4. HP: 40/40 MP: 3/3
  2637 | D:3      | Reached XP level 5. HP: 17/47 MP: 4/4
  3103 | D:4      | Reached skill level 5 in Fighting
  3103 | D:4      | Reached skill level 5 in Axes
  3103 | D:4      | Noticed Pikel
  3361 | D:4      | Reached XP level 6. HP: 48/56 MP: 5/5
  3827 | D:4      | Killed Pikel
  3828 | D:4      | Reached skill level 5 in Armour
  3828 | D:4      | Reached skill level 5 in Dodging
  3828 | D:4      | Reached XP level 7. HP: 20/64 MP: 6/6
  4427 | D:5      | Entered Level 5 of the Dungeon
  4633 | D:5      | Reached XP level 8. HP: 65/71 MP: 7/7
  5663 | D:6      | Found a staircase to the Ecumenical Temple.
  5665 | D:6      | Noticed a troll
  5673 | D:6      | HP: 2/106 [troll (4)]
  5675 | D:6      | Killed a troll
  5872 | D:6      | Reached XP level 9. HP: 65/81 MP: 8/8
  5978 | D:6      | Found a glowing drain.
  5990 | Sewer    | Entered a sewer
  6161 | Sewer    | Reached *** piety under Trog
  7015 | D:7      | Found a shimmering blue altar of Sif Muna.
  7017 | D:7      | Found a hide-covered altar of Uskayaw.
  7190 | D:7      | Reached **** piety under Trog
  7206 | D:7      | Found a shadowy altar of Dithmenos.
  7665 | D:8      | Found a staircase to the Lair.
  7708 | D:8      | Reached XP level 10. HP: 45/91 MP: 9/9
  7812 | D:8      | Found a snail-covered altar of Cheibriados.
  8036 | D:8      | Reached skill level 10 in Fighting
  8284 | D:8      | Reached skill level 10 in Axes
  8683 | D:9      | Reached skill level 10 in Armour
  8956 | D:9      | Found a runed translucent gate.
  8956 | D:9      | Found a runed translucent gate.
  8960 | D:9      | Found a runed translucent gate.
  8961 | D:9      | Noticed wamuu's ghost (novice MiBe)
  8961 | D:9      | Noticed decrepitue's ghost (journeyman MfFi)
  9234 | D:9      | Reached ***** piety under Trog
  9381 | D:9      | Found a hazy altar of Hepliaklqana.
  9661 | D:9      | HP: 2/94 [decrepitue's ghost (6)]
  9766 | D:10     | Entered Level 10 of the Dungeon
  9790 | D:10     | Paralysed by a hornet for 2 turns
  9935 | D:10     | Noticed a boulder beetle
  9959 | D:10     | Slain by a boulder beetle

Illustrated notes

Levels and vault maps discovered:
D:1:      psy_arrival_whirlpool, layout_basic, serial_shops, shop,
          chequers_ecumenical_altar_grove, hangedman_decor_clover_reticule,
          chequers_serial_rivers_large_b, minmay_split_cup_small
D:2:      layout_basic, nrook_mini_vaults, kennysheep_generic_room_4
D:3:      layout_loops_ring, serial_shops, nicolae_shop_trees,
          grunt_ministairs_4, kennysheep_big_empty_room, minmay_ruptured
D:4:      layout_cave_pools, uniq_pikel
D:5:      layout_loops_corners
D:6:      layout_rooms, minmay_temple_entry_arrows, cheibrodos_sewer_entry_bend,
          minivault_5
D:7:      layout_basic, nicolae_dithmenos_shadow_blocks, jmf_multi_god_temple
D:8:      layout_basic, slow_altar_2, dpeg_oklobed_lair, kennysheep_another_room
D:9:      layout_roguey, nicolae_overflow_hidden_temple,
          gammafunk_ghost_cemetery
D:10:     layout_cave_pods, mainiacjoe_overflow_paths, nzn_sisyphean_effort

Skill      XL: |  1  2  3  4  5  6  7  8  9 10 |
---------------+-------------------------------+-----
Fighting       | 4 5 6 7 9 10 | 10.7
Axes           | 4 5 6 7 9 10 | 10.7
Armour         | 3 4 5 6 7 9 10 | 10.4
Dodging        | 3 5 6 8 9 |  9.6

Action                   |  1- 3 |  4- 6 |  7- 9 | 10-12 || total
-------------------------+-------+-------+-------+-------++-------
Melee: Hand axe          |    32 |       |       |       ||    32
       Headbutt          |    15 |    12 |    53 |    55 ||   135
       Mace              |    60 |   118 |       |       ||   178
       Punch             |       |     1 |     4 |     4 ||     9
       Whip              |       |       |   309 |   263 ||   572
 Fire: Arbalest          |       |       |     9 |    17 ||    26
Invok: Berserk           |       |     3 |     4 |     4 ||    11
       Trog's Hand       |       |     1 |     4 |     2 ||     7
Evoke: Wand              |       |       |       |     1 ||     1
  Use: Potion            |       |       |     1 |     3 ||     4
       Scroll            |       |       |     6 |     1 ||     7
 Stab: Sleeping          |     1 |       |       |       ||     1
Armor: Animal skin       |    26 |    76 |    11 |       ||   113
       Troll leather arm |       |       |    64 |    68 ||   132
Dodge: Dodged            |    62 |   135 |   183 |   143 ||   523
Block: Other             |       |       |    51 |    48 ||    99
       Reflection        |       |       |     2 |     2 ||     4
